 Dungeon Crawl Stone Soup version 0.29-a0-1006-g0dd7720b37 (webtiles) character file.

Game seed: 7230692898402473966

59 xian the Covered (level 3, -1/27 HPs)
             Began as a Demonspawn Wanderer on Aug 6, 2022.
             Slain by a hobgoblin (3 damage)
             ... on level 3 of the Dungeon.
             The game lasted 00:05:28 (2040 turns).

xian the Covered (Demonspawn Wanderer)              Turns: 2040, Time: 00:05:28

Health: -1/27      AC:  9    Str: 16    XL:     3   Next: 78%
Magic:  3/3        EV:  7    Int:  9    God:
Gold:   131        SH:  0    Dex: 14    Spells: 2/2 levels left

rFire   . . .      SeeInvis .   m - +4 flail (protect)
rCold   + . .      Faith    .   (no shield)
rNeg    . . .      Spirit   .   f - +1 chain mail {Will+}
rPois   +          Reflect  .   (no helmet)
rElec   .          Harm     .   (no cloak)
rCorr   .          Rampage  .   (no gloves)
Will    +....                   j - +0 pair of boots
Stlth   ..........              (no amulet)
HPRegen 0.09/turn               a - ring of poison resistance
MPRegen 0.08/turn               o - ring of protection from cold

@: corroded, under a protective aura
A: yellow scales 1, demonic guardian 1
a: no special abilities


You were on level 3 of the Dungeon.
You visited 1 branch of the dungeon, and saw 3 of its levels.

You collected 131 gold pieces.

Inventory:

Hand Weapons
 m - a +4 flail of protection (weapon)
Armour
 f - a +1 chain mail of willpower (worn)
 j - a +0 pair of boots (worn)
Jewellery
 a - a ring of poison resistance (left hand)
 o - a ring of protection from cold (right hand)
Scrolls
 c - 2 scrolls of butterflies
 d - a scroll of teleportation {unknown}
 e - a scroll of blinking {unknown}
 g - a scroll of fear {unknown}
 i - 2 scrolls of immolation
 n - 2 scrolls of identify {unknown}
 p - a scroll of magic mapping {unknown}
Potions
 b - 5 potions of curing
 h - a potion of ambrosia {unknown}
 k - 2 potions of lignification {unknown}
 l - a potion of degeneration {unknown}


   Skills:
 + Level 2.1 Fighting
 + Level 1.7 Maces & Flails
 + Level 5.1 Armour
 + Level 1.9 Dodging
 + Level 0.3 Stealth
 + Level 1.0 Evocations


You had 2 spell levels left.
You didn't know any spells.
Your spell library contained the following spells:

 Spells                   Type           Power      Damage    Failure   Level
 Passage of Golubria      Tloc           0%         N/A       100%        4
 Silence                  Hex/Air        0%         N/A       100%        5
 Lehudib's Crystal Spear  Conj/Erth      0%         10d2      100%        8


Dungeon Overview and Level Annotations

Branches:
Dungeon (3/15)

Altars:
Trog

Annotations:
D:3 Ijyb


Innate Abilities, Weirdness & Mutations

You are partially covered in yellow scales. (AC +2)
A weak demonic guardian rushes to your aid.


Message History

Your butterfly disappears in a burst of colours!
The bolt of acid hits your butterfly!
Your butterfly dies!
Your butterfly disappears in a burst of colours!
The bolt of acid misses your butterfly. The hobgoblin closely misses you.
Ijyb zaps a wand.
The bolt of acid hits you! The bolt of acid misses your butterfly.
The hobgoblin hits you but does no damage.
You hit Ijyb.
Ijyb is moderately wounded.
Ijyb hits you but does no damage. The hobgoblin barely misses you.
You hit Ijyb but do no damage.
Ijyb is moderately wounded.
Ijyb screams, "Die!"
Ijyb hits you but does no damage. The hobgoblin closely misses you.
You hit Ijyb but do no damage.
Ijyb is moderately wounded.
Ijyb screams, "Get away!"
Ijyb barely misses you. The hobgoblin barely misses you.
Ijyb zaps a wand.
The bolt of acid hits you.
A demonic guardian appears!
The acid corrodes you! The bolt of acid hits your white imp!
Your white imp dies!
Your white imp disappears in a puff of smoke!
The hobgoblin hits you but does no damage.
You hit Ijyb but do no damage.
Ijyb is lightly wounded.
Ijyb hits you but does no damage. The hobgoblin barely misses you.
You hit Ijyb.
Ijyb is moderately wounded.
Ijyb barely misses you. The hobgoblin closely misses you.
You barely miss Ijyb.
Ijyb is moderately wounded.
Ijyb zaps a wand.
The bolt of acid hits you!
* * * LOW HITPOINT WARNING * * *
The acid corrodes you! The bolt of acid hits your butterfly!
Your butterfly dies!
Your butterfly disappears in a burst of colours!
The hobgoblin hits you but does no damage.
The hobgoblin attacks as you move away! The hobgoblin hits you.
You die...

#................
##..######...........
##...#....#####'.>)...
#....#._.#.)...#...##.
#....#...#.###.#......
#.b..#####.#...#..##..
#..b.. #....###...##.
####bgg# ###....#......
#.b..b@###...#.#####...
#...bb...#.###.# ...
#..b...#.#.....# ...
#..bb..#.'#####... ..
#......#### . ########


You could see Ijyb and a hobgoblin (ally target).

Vanquished Creatures
  An adder (D:2)
  4 dart slugs
  An orc (D:3)
  6 ball pythons
  An endoplasm (D:2)
  4 goblins
  4 hobgoblins
  A quokka (D:1)
  7 bats
  5 frilled lizards
  A kobold (D:2)
  8 rats
43 creatures vanquished.

Notes
Turn   | Place    | Note
-------+----------+-------------------------------------------
     0 | D:1      | xian the Demonspawn Wanderer began the quest for the Orb.
     0 | D:1      | xian set off with the following items: a +0 club, 2 potions
                  | of curing, a scroll of butterflies, a +2 scale mail.
     0 | D:1      | Reached XP level 1. HP: 16/16 MP: 1/1
    99 | D:1      | Noticed a great orb of eyes
   101 | D:1      | Found a faded altar of an unknown god.
   104 | D:1      | Noticed a shining eye
   155 | D:1      | Gained mutation: You are partially covered in yellow
                  | scales. (AC +2) [demonic ancestry]
   155 | D:1      | Reached XP level 2. HP: 22/22 MP: 2/2
   219 | D:1      | Noticed a golden eye
   223 | D:1      | Noticed an eye of devastation
   538 | D:1      | Reached skill level 5 in Armour
   836 | D:2      | Reached skill level 1 in Maces & Flails
   836 | D:2      | Gained mutation: A weak demonic guardian rushes to your
                  | aid. [demonic ancestry]
   836 | D:2      | Reached XP level 3. HP: 27/27 MP: 3/3
  2013 | D:3      | Found a bloodstained altar of Trog.
  2028 | D:3      | Noticed Ijyb
  2040 | D:3      | Slain by a hobgoblin

Illustrated notes

Levels and vault maps discovered:
D:1:      elethiomel_arrival_shortcut, layout_basic,
          hellmonk_ecumenical_altar_watching_god, serial_bayou_pond_e
D:2:      layout_basic, serial_curves, eino_curves_04, eino_curves_01,
          eino_curves_04, eino_curves_01, minmay_indecisive_spiral
D:3:      layout_rooms, fedhas_altar_4, mainiacjoe_overflow_swirl, serial_shops,
          nicolae_shop_stone, minmay_ruptured, uniq_ijyb

Skill      XL: |  1  2 |
---------------+-------+-----
Armour         | 5 |  5.1
Maces & Flails | 1 |  1.7
Fighting       | |  2.1
Dodging        | |  1.9
Stealth        | |  0.3
Evocations     | |  1.0

Action                   || total
-------------------------++-------
Melee: Club              ||   131
       Flail             ||    33
       Punch             ||     1
  Use: Scroll            ||     3
Armor: Scale mail        ||    20
       Chain mail        ||   149
Dodge: Dodged            ||    94

Table legend: (Time is in decaauts)
 A = Elapsed time spent in this place.
 B = Non-inter-level travel time spent in this place.
 C = Inter-level travel time spent in this place.
 D = Time resting spent in this place.
 E = Time spent auto-exploring this place.
 F = Levels seen in this place.
 G = Mean time per level.
                   A        B        C        D        E       F      G
               +--------+--------+--------+--------+--------+-----+--------+
         Total |   2085 |   2073 |     12 |    118 |   1378 |   3 |  695.0 |
       Dungeon |   2085 |   2073 |     12 |    118 |   1378 |   3 |  695.0 |
               +--------+--------+--------+--------+--------+-----+--------+

Top non-repeatable levels by time:
     D:2: 1060 daAuts
     D:1: 895 daAuts
     D:3: 129 daAuts
